 Dungeon Crawl Stone Soup version 0.32-a0-791-gfc315c9ecd (webtiles) character file.

Game seed: 15497368927019319056

6156 warriortoast the Destroyer (level 10, 0/81 HPs)
             Began as a Red Draconian Conjurer on Mar 20, 2024.
             Was an Initiate of Yredelemnul.
             Succumbed to their own poison gas
             ... on level 9 of the Dungeon.
             The game lasted 00:46:51 (12048 turns).

warriortoast the Destroyer (DrCj)                  Turns: 12048, Time: 00:46:51

Health: 0/81       AC:  9    Str: 11    XL:     10   Next: 60%
Magic:  20/20      EV: 12    Int: 21    God:    Yredelemnul [......]
Gold:   324        SH:  0    Dex: 10    Spells: 6/23 levels left

rFire   + . .        K - +2 morningstar (protect)
rCold   . . .        (no shield)
rNeg    . . .        (body armour unavailable)
rPois   .            (helmet restricted)
rElec   .            b - +0 cloak
rCorr   .            g - +0 pair of gloves
SInv    .            (no boots)
Will    .....        H - amulet of magic regeneration
Stlth   +++          (no ring)
HPRegen 0.33/turn    (no ring)
MPRegen 0.57/turn

%: no passive effects
@: lethally poisoned (0 -> -34), wreathed by umbra
A: combustion breath, AC +7, unfitting armour, fire resistance 1, cold-blooded
a: Combustion Breath, Renounce Religion, Light the Black Torch, Recall Undead
Harvest


You were on level 9 of the Dungeon.
You worshipped Yredelemnul.
Yredelemnul was noncommittal.
You visited 1 branch of the dungeon, and saw 9 of its levels.

You collected 324 gold pieces.

Inventory:

Hand Weapons
 c - a +0 dagger
 f - a +1 flail
 E - a +3 spear
 K - a +2 morningstar of protection (weapon)
 L - a +5 morningstar
Missiles
 k - a throwing net
Armour
 b - a +0 cloak (worn)
 g - a +0 pair of gloves (worn)
Jewellery
 H - an amulet of magic regeneration (around neck)
Wands
 l - a wand of charming (16)
 t - a wand of quicksilver (5)
 z - a wand of mindburst (11)
 D - a wand of warping (12)
 G - a wand of flame (14)
Scrolls
 d - 2 scrolls of teleportation
 e - a scroll of fear {unknown}
 h - a scroll of immolation
 m - a scroll of silence {unknown}
 q - a scroll of poison
 r - 2 scrolls of fog {unknown}
 s - a scroll of torment {unknown}
 u - a scroll of enchant weapon
 w - 4 scrolls of vulnerability
 y - a scroll of amnesia {unknown}
 A - a scroll of revelation {unknown}
 J - 2 scrolls of identify
Potions
 a - a potion of magic
 i - a potion of mutation
 j - a potion of berserk rage
 n - a potion of degeneration
 o - a potion of brilliance
 v - a potion of haste
 x - 4 potions of curing
 B - a potion of cancellation
 C - a potion of attraction {unknown}
 F - a potion of lignification {unknown}
 I - a potion of ambrosia {unknown}


   Skills:
 - Level 5.0 Fighting
 - Level 5.0 Dodging
 - Level 5.0 Stealth
 + Level 7.0 Spellcasting
 + Level 8.4 Conjurations
 + Level 4.3 Air Magic
 + Level 6.6 Invocations
 + Level 4.4 Evocations


You had 6 spell levels left.
You knew the following spells:

 Your Spells              Type           Power      Damage    Failure   Level
a - Magic Dart            Conj           100%       1d8       1%          1
b - Searing Ray           Conj           84%        2d7       1%          2
c - Shock                 Conj/Air       100%       1d9       1%          1
d - Swiftness             Air            25%        N/A       4%          3
e - Fulminant Prism       Conj/Alch      12%        3d9       16%         4
f - Dazzling Flash        Conj/Hex       50%        N/A       4%          3
g - Mephitic Cloud        Conj/Alch/Air  25%        N/A       4%          3

Your spell library contained the following spells:

 Spells                   Type           Power      Damage    Failure   Level
 Sting                    Conj/Alch      100%       1d9       1%          1
 Apportation              Tloc           14%        N/A       9%          1
 Necrotise                Necr           28%        1d5       9%          1
 Summon Small Mammal      Summ           28%        N/A       9%          1
 Airstrike                Air            12%        2d(2-18)  16%         4
 Iskenderun's Mystic Bla  Conj/Tloc      25%        2d7       16%         4
 Silence                  Hex/Air        8%         N/A       71%         5
 Curse of Agony           Necr           7%         N/A       94%         5


Dungeon Overview and Level Annotations

Branches:
Dungeon (9/15)             Temple (0/1) D:7
   Lair: D:8-11         Orc: D:9-12

Altars:
Fedhas
Gozag
Okawaru
Qazlal
Wu Jian
Yredelemnul
The Shining One

Shops:
D:5 *   D:7 :

Annotations:
D:9 2 transporters, hecktor's ghost, novice OpHu


Innate Abilities, Weirdness & Mutations

You can breathe blasts of explosive embers.
Your fiery red scales are hard. (AC +7)
You cannot fit into any form of body armour.
Your flesh is heat resistant. (rF+)
You are cold-blooded and may be slowed by cold attacks.


Message History

The catoblepas gores your fulminant prism!
Your fulminant prism explodes!
The blast of energy engulfs the catoblepas!
The catoblepas is moderately wounded.
The air fills with toxic fumes!
As you read the scroll of poison, it crumbles to dust.
You are engulfed in poison gas.
You are poisoned.
You feel very sick.
The catoblepas is engulfed in poison gas.
The catoblepas is poisoned.
You are engulfed in poison gas.
You are more poisoned.
You feel very sick.
The catoblepas is engulfed in poison gas.
The catoblepas looks even sicker.
The catoblepas breathes a plume of calcifying dust at you.
The blast of calcifying dust hits you.
You are engulfed in poison gas.
You are more poisoned.
You feel extremely sick.
The catoblepas is engulfed in poison gas.
The catoblepas looks even sicker.
The catoblepas breathes a plume of calcifying dust at you.
The blast of calcifying dust hits you.
You are engulfed in poison gas.
You are lethally poisoned!
* * * LOW HITPOINT WARNING * * *
x2 You feel extremely sick.
The catoblepas is engulfed in poison gas.
The catoblepas looks as sick as possible!
You feel better.
You are engulfed in poison gas.
You are lethally poisoned!
* * * LOW HITPOINT WARNING * * *
x2 You feel very sick.
The catoblepas is engulfed in poison gas.
The catoblepas looks as sick as possible!
You are engulfed in poison gas.
You are more poisoned.
* * * LOW HITPOINT WARNING * * *
You die...
Your body rises from the dead as a mindless zombie.

#.# #.# #.#
#.# #.# ..#
#.# #.# #.#
#.#
#.######
..# #§#
#....... #
#.# #§#
#.###### #
#.# #@# #.#
# #.# #§#
#.# # #.#
#§# #.# #
#.# #§# #.#
#
#.######§#
#.# #
#......§§#
#.# #
#.######Y#
#.###### #
#.# #§#
#..Z....
#########.#
#§#
#.######


You could see a catoblepas (extremely poisoned).

Vanquished Creatures
  Pikel (D:8)
  Joseph (D:9)
  Maggie (D:6)
  Grinder (D:6)
  6 yaks
  2 wyverns
  Menkaure (D:5)
  A water moccasin (D:4)
  Duvessa (D:7)
  4 orc warriors
  An ice beast (D:6)
  An ogre (D:4)
  2 centaurs (D:9)
  2 lemures (D:8)
  A kobold brigand (D:6)
  A bullfrog (D:6)
  A gnoll sergeant (D:6)
  A scorpion (D:6)
  8 wights
  Dowan (D:7)
  4 killer bees (D:8)
  A howler monkey (D:6)
  A bombardier beetle (D:5)
  2 jellies
  2 gnoll boudas
  2 hounds
  3 orc priests
  A sleepcap (D:6)
  An iguana (D:5)
  10 orc wizards
  A killer bee zombie (D:8)
  A hound zombie (D:3)
  14 gnolls
  8 adders
  An adder zombie (D:3)
  A ribbon worm (D:3)
  2 dart slugs
  35 orcs
  7 ball pythons
  6 bats
  11 endoplasms
  4 giant cockroaches
  7 goblins
  6 hobgoblins
  8 jackals
  14 kobolds
  3 quokkas
  3 frilled lizards
  A quokka skeleton (D:3)
  3 rats
201 creatures vanquished.

Vanquished Creatures (collateral kills)
  2 ice beasts
  An ogre (D:4)
  A centaur (D:4)
  2 scorpions
  4 killer bees (D:8)
  A bombardier beetle (D:4)
  A hound (D:4)
  Crazy Yiuf (D:7)
  3 orc priests
  An orc wizard (D:7)
  3 gnolls
  A dart slug (D:4)
  3 orcs
  A hobgoblin (D:4)
25 creatures vanquished.

Vanquished Creatures (others)
  A spectral human (D:9)
  A yak zombie (D:8)
  A bullfrog zombie (D:6)
  A centaur zombie (D:4)
  2 scorpion zombies
  A kobold zombie (D:8)
  An ogre zombie (D:4)
  2 hound zombies (D:4)
  A howler monkey zombie (D:6)
  6 gnoll zombies
  An adder zombie (D:4)
  A bombardier beetle zombie (D:4)
  A dart slug zombie (D:4)
  8 orc zombies
  8 fulminant prisms
36 creatures vanquished.

Grand Total: 262 creatures vanquished

Notes
Turn   | Place    | Note
-------+----------+-------------------------------------------
     0 | D:1      | warriortoast the Draconian Conjurer began the quest for the
                  | Orb.
     0 | D:1      | Reached XP level 1. HP: 14/14 MP: 3/3
   262 | D:1      | Reached XP level 2. HP: 10/20 MP: 0/5
  1417 | D:1      | Reached XP level 3. HP: 26/26 MP: 0/6
  1524 | D:2      | Found a faded altar of an unknown god.
  2036 | D:2      | Reached XP level 4. HP: 33/33 MP: 0/7
  2103 | D:1      | Learned a level 2 spell: Searing Ray
  3113 | D:3      | Reached XP level 5. HP: 32/38 MP: 1/9
  3188 | D:3      | Found a glowing golden altar of the Shining One.
  3680 | D:3      | Found a basalt altar of Yredelemnul.
  3688 | D:3      | Became a worshipper of Yredelemnul the Fallen
  3957 | D:4      | Reached skill level 5 in Conjurations
  3957 | D:4      | Reached XP level 6. HP: 19/45 MP: 0/10
  4099 | D:4      | Found an iron altar of Okawaru.
  4101 | D:4      | Found a runed translucent door.
  4105 | D:4      | Found the +0 toga "Victory" {*Victory Clar}
  4683 | D:4      | Noticed a water moccasin
  4691 | D:4      | Killed a water moccasin
  4692 | D:4      | Your scales start taking on a fiery red colour.
  4692 | D:4      | Reached XP level 7. HP: 36/50 MP: 4/12
  4692 | D:4      | Gained mutation: Your flesh is heat resistant. (rF+) [Red
                  | Draconian growth]
  4951 | D:4      | Learned a level 1 spell: Shock
  5299 | D:4      | Reached skill level 1 in Invocations
  5539 | D:5      | Entered Level 5 of the Dungeon
  5851 | D:5      | Found Joyfu's Lightly-Used Armoury.
  6024 | D:5      | Reached skill level 6 in Conjurations
  6024 | D:5      | Reached XP level 8. HP: 49/57 MP: 7/14
  6100 | D:5      | Found a blossoming altar of Fedhas.
  6212 | D:6      | Noticed Grinder
  6241 | D:6      | Noticed Maggie
  6256 | D:6      | Killed Maggie
  6257 | D:6      | Reached skill level 5 in Stealth
  6522 | D:6      | Reached skill level 5 in Dodging
  6527 | D:6      | Reached skill level 5 in Spellcasting
  6634 | D:6      | Reached skill level 1 in Fighting
  6842 | D:6      | Learned a level 3 spell: Swiftness
  6932 | D:6      | Noticed Menkaure
  6943 | D:5      | Killed Menkaure
  7355 | D:6      | Reached skill level 7 in Conjurations
  7355 | D:6      | Reached XP level 9. HP: 68/68 MP: 0/17
  7626 | D:6      | Found a stormy altar of Qazlal.
  7754 | D:6      | Killed Grinder
  7755 | D:6      | Reached skill level 1 in Evocations
  7910 | D:7      | Reached skill level 1 in Air Magic
  8244 | D:7      | Found a staircase to the Ecumenical Temple.
  8303 | D:7      | Reached skill level 5 in Invocations
  8526 | D:7      | Learned a level 4 spell: Fulminant Prism
  8560 | D:7      | Noticed Duvessa
  8561 | D:7      | Noticed Dowan
  8568 | D:7      | Killed Dowan
  8578 | D:7      | Killed Duvessa
  8664 | D:7      | Found an opulent altar of Gozag.
  8818 | D:7      | Found Onteegos's Book Shop.
  8853 | D:7      | Found a runed translucent door.
  8854 | D:7      | Noticed Crazy Yiuf
  9203 | D:7      | Identified the +1 leather armour "Quwil" {^Drain Fly rC++
                  | Dex-4}
  9312 | D:7      | Killed Crazy Yiuf
  9777 | D:8      | Noticed Pikel
  9778 | D:8      | Found an ornate altar of the Wu Jian Council.
  9782 | D:8      | Killed Pikel
 10170 | D:8      | Reached XP level 10. HP: 46/80 MP: 11/19
 10545 | D:8      | Reached skill level 8 in Conjurations
 10895 | D:8      | Your ally Pikel died
 11128 | D:9      | Learned a level 3 spell: Dazzling Flash
 11132 | D:9      | Learned a level 3 spell: Mephitic Cloud
 11180 | D:9      | Reached skill level 5 in Fighting
 11293 | D:9      | Found a transporter.
 11295 | D:9      | Noticed hecktor's ghost (novice OpHu)
 11301 | D:9      | Noticed a two-headed ogre
 11301 | D:9      | Noticed a two-headed ogre
 11301 | D:9      | Identified the +2 dire flail of the Saviour {venom, rF+
                  | Str+4 SInv}
 11301 | D:9      | Identified the +0 great mace "Ycumory" {flame, rCorr}
 11301 | D:9      | Noticed a two-headed ogre
 11302 | D:9      | Found a transporter.
 11302 | D:9      | Noticed a two-headed ogre
 11302 | D:9      | Noticed a two-headed ogre
 11612 | D:9      | Noticed Joseph
 11650 | D:9      | Killed Joseph
 11691 | D:9      | Noticed a catoblepas
 12034 | D:9      | Your ally Joseph died
 12048 | D:9      | Succumbed to their own poison gas

Illustrated notes

Levels and vault maps discovered:
D:1:      dpeg_arrival_arbitrary_a, layout_basic, minmay_strange_pillars
D:2:      minmay_evil_eye, layout_basic, ebering_ecumenical_altar_petrified,
          minmay_unequal
D:3:      layout_rooms, tso_metal_star, mainiacjoe_overflow_paths,
          serial_undead, serial_undead_d, serial_undead_e, serial_undead_b,
          serial_undead_e
D:4:      layout_cave_pods, nicolae_overflow_guarded_unrand_okawaru_victory,
          minmay_quadrilaterals
D:5:      wander_river, layout_rooms, mainiacjoe_overflow_concentric_impassable,
          chequers_serial_rivers_large_b, minmay_shop_damaged
D:6:      layout_basic, grunt_qazlal_clouds, uniq_grinder, uniq_maggie,
          uniq_menkaure
D:7:      layout_loops_corners, old_standard_altar,
          minmay_temple_entry_purple_smoke, serial_shops, shop,
          uniq_crazy_yiuf_cottage, uniq_duvessa
D:8:      layout_loops_corners, nzn_wu_jian_contemplation, special_room
          [special_room_orc], nicolae_wwwww, nicolae_figureground_sparkle,
          uniq_pikel
D:9:      layout_small_grid, gammafunk_ghost_smash, uniq_joseph

Skill      XL: |  1  2  3  4  5  6  7  8  9 10 |
---------------+-------------------------------+-----
Stealth        | 2 3 4 5 |  5.0
Dodging        | 2 3 4 5 |  5.0
Spellcasting   | 3 4 5 6 7 |  7.0
Conjurations   | 5 6 7 8 |  8.4
Invocations    | 2 4 5 6 |  6.6
Fighting       | 2 4 5 |  5.0
Evocations     | 3 4 |  4.4
Air Magic      | 3 4 |  4.3

Action                     |  1- 3 |  4- 6 |  7- 9 | 10-12 || total
---------------------------+-------+-------+-------+-------++-------
  Melee: Unarmed           |     9 |       |       |       ||     9
         Dagger            |     6 |       |       |       ||     6
         Tailslap          |     3 |     3 |     2 |       ||     8
         Flail             |     8 |    30 |    19 |       ||    57
         Spear             |       |       |    20 |       ||    20
         Morningstar       |       |       |       |    13 ||    13
   Cast: Magic Dart        |    85 |   128 |   228 |    44 ||   485
         Searing Ray       |       |     3 |    26 |    15 ||    44
         Fulminant Prism   |       |       |     1 |     7 ||     8
 Invoke: Light the Black T |       |     1 |       |     2 ||     3
         Recall Undead Har |       |     1 |       |     1 ||     2
Ability: Combustion Breath |       |       |     7 |     3 ||    10
  Evoke: Wand              |       |       |       |     1 ||     1
    Use: Scroll            |     3 |       |    10 |     2 ||    15
         Potion            |       |       |     1 |     2 ||     3
   Stab: Sleeping          |       |     2 |       |     1 ||     3
 Armour: Skin              |    39 |    42 |   111 |    55 ||   247
  Dodge: Dodged            |    38 |    56 |   107 |    81 ||   282

Table legend: (Time is in decaauts)
 A = Elapsed time spent in this place.
 B = Non-inter-level travel time spent in this place.
 C = Inter-level travel time spent in this place.
 D = Time resting spent in this place.
 E = Time spent auto-exploring this place.
 F = Levels seen in this place.
 G = Mean time per level.
                   A        B        C        D        E       F      G
               +--------+--------+--------+--------+--------+-----+--------+
         Total |  12114 |  11731 |    383 |   2200 |   7786 |   9 | 1346.0 |
       Dungeon |  12114 |  11731 |    383 |   2200 |   7786 |   9 | 1346.0 |
               +--------+--------+--------+--------+--------+-----+--------+

Top non-repeatable levels by time:
     D:8: 1860 daAuts
     D:4: 1636 daAuts
     D:1: 1593 daAuts
     D:7: 1501 daAuts
     D:2: 1349 daAuts
     D:6: 1288 daAuts
     D:5: 1078 daAuts
     D:3: 971 daAuts
     D:9: 833 daAuts
